 Dungeon Crawl Stone Soup version 0.30.1-9-gdf580d7c3d (webtiles) character file.

Game seed: 668062319720321197

305 meatcentipede the Chopper (level 6, -6/52 HPs)
             Began as a Ghoul Fighter on Oct 23, 2023.
             Mangled by Eustachio
             ... wielding a +0 rapier
              (8 damage)
             ... on level 3 of the Dungeon.
             The game lasted 00:05:36 (2122 turns).

meatcentipede the Chopper (Ghoul Fighter)           Turns: 2122, Time: 00:05:37

Health: -6/52      AC: 12    Str: 28    XL:     6   Next: 39%
Magic:  5/5        EV: 10    Int:  3    God:
Gold:   84         SH:  9    Dex:  8    Spells: 5/5 levels left

rFire   . . .        a - +0 war axe
rCold   + . .        c - +0 buckler
rNeg    + + +        b - +0 scale mail
rPois   ∞            (no helmet)
rElec   .            (no cloak)
rCorr   .            s - +0 pair of gloves
SInv    .            (no boots)
Will    .....        n - amulet of reflection Stlth
                     u - +4 ring of protection
HPRegen 0.00/turn    v - +6 ring of strength
MPRegen 0.09/turn

%: reflection
@: mighty, inhibited regen
A: claws 1, cold resistance 1, negative energy resistance 3, inhibited
regeneration, torment resistance 2, devour on kill
a: no special abilities


You were on level 3 of the Dungeon.
You visited 1 branch of the dungeon, and saw 4 of its levels.

You collected 84 gold pieces.

Inventory:

Hand Weapons
 a - a +0 war axe (weapon)
Armour
 b - a +0 scale mail (worn)
 c - a +0 buckler (worn)
 s - a +0 pair of gloves (worn)
Jewellery
 n - an amulet of reflection (around neck)
 u - a +4 ring of protection (left hand)
 v - a +6 ring of strength (right hand)
Wands
 p - a wand of iceblast (7)
Scrolls
 g - 3 scrolls of identify {unknown}
 i - a scroll of poison {unknown}
 k - 2 scrolls of teleportation {unknown}
 l - a scroll of enchant armour {unknown}
 o - a scroll of blinking {unknown}
 t - a scroll of fear {unknown}
Potions
 d - a potion of might
 e - a potion of mutation {unknown}
 f - a potion of attraction {unknown}
 h - 2 potions of berserk rage {unknown}
 j - 4 potions of heal wounds {unknown}
 m - a potion of haste {unknown}
 q - a potion of lignification {unknown}
 r - a potion of resistance {unknown}


   Skills:
 + Level 3.9 Fighting
 + Level 4.1 Axes
 + Level 3.3 Armour
 + Level 1.5 Dodging
 + Level 0.2 Stealth
 + Level 3.7 Shields


You had 5 spell levels left.
You didn't know any spells.
Your spell library contained the following spells:

 Spells                   Type           Power      Damage    Failure   Level
 Foxfire                  Conj/Fire      0%         2x1d4     83%         1
 Fireball                 Conj/Fire      0%         3d3       100%        5
 Plasma Beam              Fire/Air       0%         2x1d11    100%        6
 Starburst                Conj/Fire      0%         6d3       100%        6


Dungeon Overview and Level Annotations

Branches:
Dungeon (4/15)
 Temple: D:4-7

Altars:
Trog

Annotations:
D:3 Eustachio


Innate Abilities, Weirdness & Mutations

You are immune to poison.
You have sharp fingernails.
Your flesh is cold resistant. (rC+)
You are immune to negative energy. (rN+++)
You do not regenerate when monsters are visible.
You are immune to unholy pain and torment.
You thrive by killing the living.


Message History

You closely miss the river rat. You block the river rat's attack.
The river rat barely misses you. The river rat closely misses you.
Eustachio casts a spell.
Eustachio blinks!
You completely miss the river rat.
The river rat is heavily wounded.
You hit the river rat. You block the river rat's attack. x2
The river rat bites you but does no damage.
You slash the river rat!
You kill the river rat!
The river rat's corpse disappears in a puff of smoke!
You closely miss the river rat. You block the river rat's attack.
The river rat closely misses you.
You closely miss the river rat.
The river rat is lightly wounded.
The river rat bites you but does no damage.
You slash the river rat!
The river rat is severely wounded.
The river rat bites you but does no damage.
You block the river rat's attack.
You slash the river rat!
You kill the river rat!
The river rat's corpse disappears in a puff of smoke!
You block the bat's attack.
Eustachio screams, "Hey, you killed my favourite bat!"
The bat hits you.
* * * LOW HITPOINT WARNING * * *
Eustachio gestures wildly while chanting.
You slash the bat!
You kill the bat!
The bat's corpse disappears in a puff of smoke!
You closely miss Eustachio.
Eustachio is lightly wounded.
Eustachio hits you with a +0 rapier!
* * * LOW HITPOINT WARNING * * *
You block Eustachio's attack.
You miss Eustachio.
Eustachio is lightly wounded.
Eustachio hits you with a +0 rapier!
You die...

####
#####################
#>..
....................#
########...
.#########.#####@##[#
#.......... .# #>#
#@##.###.######.## .#
#5# #5.......# #..>
.# #.# #.##.##..#
#.#. .# #.#
#.##.##..# #.#. .#
#.#
#........######.#. .#
#)#
#.##.##........... .#
#.#
#.##.##########.#. (#
####.#####.##.# #.#.


You could see Eustachio and an ufetubus (summoned).

Vanquished Creatures
  Sigmund (D:3)
  2 orc priests (D:3)
  2 adders
  A dart slug (D:1)
  5 orcs (D:3)
  4 bats (D:1)
  3 endoplasms
  2 giant cockroaches
  3 goblins
  5 hobgoblins
  3 kobolds
  2 quokkas (D:1)
  6 ball pythons
  5 frilled lizards
  8 rats
52 creatures vanquished.

Notes
Turn   | Place    | Note
-------+----------+-------------------------------------------
     0 | D:1      | meatcentipede the Ghoul Fighter began the quest for the
                  | Orb.
     0 | D:1      | Reached XP level 1. HP: 19/19 MP: 0/0
    58 | D:1      | Reached XP level 2. HP: 11/26 MP: 1/1
   264 | D:1      | Reached skill level 2 in Axes
   448 | D:1      | Reached XP level 3. HP: 31/31 MP: 2/2
  1317 | D:3      | Reached XP level 4. HP: 37/39 MP: 3/3
  1396 | D:3      | Found a bloodstained altar of Trog.
  1409 | D:3      | Reached skill level 3 in Axes
  1620 | D:3      | Noticed Sigmund
  1628 | D:3      | Killed Sigmund
  1629 | D:3      | Reached skill level 4 in Axes
  1629 | D:3      | Reached skill level 1 in Dodging
  1629 | D:3      | Reached XP level 5. HP: 30/46 MP: 4/4
  1629 | D:3      | Reached XP level 6. HP: 34/52 MP: 5/5
  2059 | D:4      | Noticed Eustachio
  2121 | D:3      | HP: 2/52 [Eustachio/+0 rapier (9)]
  2122 | D:3      | Mangled by Eustachio

Illustrated notes

Levels and vault maps discovered:
D:1:      dpeg_arrival_stone_temple_mockup, layout_basic
D:2:      layout_rooms
D:3:      layout_loops_ring, trog_three_pillars_becter,
          nicolae_elyvilon_temple_path, uniq_sigmund
D:4:      layout_basic, uniq_ijyb, uniq_eustachio

Skill      XL: |  1  2  3  4 |
---------------+-------------+-----
Axes           | 2 4 |  4.1
Shields        | 3 |  3.7
Armour         | 3 |  3.3
Dodging        | 1 |  1.5
Fighting       | |  3.9
Stealth        | |  0.2

Action                     |  1- 3 |  4- 6 || total
---------------------------+-------+-------++-------
  Melee: War axe           |   109 |    90 ||   199
    Use: Potion            |       |     1 ||     1
 Armour: Scale mail        |    58 |    59 ||   117
  Dodge: Dodged            |    66 |    66 ||   132
  Block: Buckler           |    20 |    78 ||    98
